 Dungeon Crawl Stone Soup version 0.22.0 (webtiles) character file.

39 Blackhawk the Vandal (level 3, -7/30 HPs)
             Began as a Ghoul Hunter on Oct 21, 2018.
             Mangled by a gnoll
             ... wielding a +0 flail
              (14 damage)
             ... on level 1 of the Dungeon.
             The game lasted 00:02:17 (976 turns).

Blackhawk the Vandal (Ghoul Hunter)                  Turns: 976, Time: 00:02:17

Health: -7/30      AC:  3    Str: 15    XL:     3   Next: 47%
Magic:  2/2        EV: 12    Int:  6    God:
Gold:   40         SH:  0    Dex: 10    Spells: 2/2 levels left

rFire    . . .     SeeInvis .   b - +0 short sword
rCold    + . .     Gourm    .   (no shield)
rNeg     + + +     Faith    .   c - +0 leather armour
rPois    ∞         Spirit   .   (no helmet)
rElec    .         Reflect  .   (no cloak)
rCorr    .         Harm     .   (no gloves)
MR       .....                  (no boots)
Stlth    ++........             (no amulet)
HPRegen  0.00/turn              (no ring)
MPRegen  0.08/turn              (no ring)

@: rotting
A: rotting body, claws 1, carnivore, cold resistance 1, negative energy
resistance 3, inhibited regeneration, torment resistance, unbreathing
a: no special abilities


You were on level 1 of the Dungeon.
You were not hungry.

You visited 1 branch of the dungeon, and saw 2 of its levels.

You collected 40 gold pieces.

Inventory:

Hand Weapons
 a - a +1 hunting sling
 b - a +0 short sword (weapon)
Missiles
 d - 25 sling bullets
 e - 119 stones (quivered)
 i - 6 silver tomahawks
Armour
 c - a +0 leather armour (worn)
Scrolls
 h - a scroll of identify {unknown}
 j - a scroll of magic mapping {unknown}
Potions
 k - a potion of mutation {unknown}
Comestibles
 f - 3 rations


   Skills:
 + Level 2.7 Fighting
 + Level 3.9 Slings
 + Level 2.2 Dodging
 + Level 2.2 Stealth


You had 2 spell levels left.
You didn't know any spells.
Your spell library was empty.

Dungeon Overview and Level Annotations

Branches:
Dungeon (2/15)

Altars:
Dithmenos

Annotations:
D:2 Robin


Innate Abilities, Weirdness & Mutations

Your body is rotting away.
You thrive on raw meat.
You are immune to poison.
You have sharp fingernails.
You are carnivorous and can eat meat at any time.
Your flesh is cold resistant. (rC+)
You are immune to negative energy. (rN+++)
You do not regenerate when monsters are visible.
You are immune to unholy pain and torment.
You can survive without breathing.


Message History

Level annotation: Robin The gnoll hits you with a club.
A hobgoblin comes into view.
Robin throws the goblin at you! The goblin hits you but does no damage.
The gnoll hits you with a club.
There is a stone staircase leading up here.
The goblin hits you with a club. The gnoll barely misses you.
The gnoll hits you with a flail!
You climb upwards.
There is a stone staircase leading down here.
You are too injured to fight recklessly!
You are too injured to fight recklessly!
You are too injured to fight recklessly!
You are too injured to fight recklessly!
You are too injured to fight recklessly!
You are too injured to fight recklessly!
You hit the gnoll but do no damage. The goblin hits you with a club.
* * * LOW HITPOINT WARNING * * *
The gnoll barely misses you. The gnoll hits you with a flail!
You die...

######.......# #...##...[...#
#...##.......## #### ###
#...#.........## ...##
####.#####...#..........#
....###.......................#
........##....##...#..>.......###
.....######.#.##g).#..........#..
.....## #.#..#@g.#..........#.#
......# ###.##.g...##)..........#
...#..###...........#............
....)...#........................
..###.........................###
..###.........................#
..............................#
.#...#........................#
..##.#.###...................####


You could see 2 gnolls and a goblin.

Vanquished Creatures
  A dart slug (D:1)
  2 leopard geckos (D:1)
  8 goblins (D:1)
  4 hobgoblins (D:1)
  4 jackals (D:1)
  4 kobolds (D:1)
  2 bats (D:1)
  4 frilled lizards (D:1)
  2 rats (D:1)
31 creatures vanquished.

Notes
Turn   | Place    | Note
-------+----------+-------------------------------------------
     0 | D:1      | Blackhawk the Ghoul Hunter began the quest for the Orb.
     0 | D:1      | Reached XP level 1. HP: 17/17 MP: 0/0
   112 | D:1      | Reached XP level 2. HP: 25/25 MP: 1/1
   215 | D:1      | Reached XP level 3. HP: 25/30 MP: 2/2
   639 | D:2      | Found a shadowy altar of Dithmenos.
   645 | D:2      | Noticed Robin
   976 | D:1      | Mangled by a gnoll

Skill      XL: |  1  2  3 |
---------------+----------+-----
Dodging        | 2 |  2.2
Stealth        | 2 |  2.2
Fighting       | |  2.7
Slings         | |  3.9

Action                   || total
-------------------------++-------
Melee: Hunting sling     ||     1
       Short sword       ||    19
 Fire: Hunting sling     ||    85
  Eat: Chunk             ||     1
Armor: Leather armour    ||     8
Dodge: Dodged            ||    42
